cohdb
Replays
Latest Replays
All Replays
Popular Replays
Top Player Replays
Match Explorer
How It Works
Community
CoH3 Stats
Reddit
Sign in to upload your games and track your stats! →
Sign in with Steam
Match 45431830
Unlisted
Match 45431830
Overview
Messages
Build Orders
End
Construct Weapon Support Center
M1919 Machine Gun Team
Engineer Squad
Selects Armored Battlegroup
Selects Assault Engineers
M1919 Machine Gun Team
Scout Squad
Mechanized Support Center
M3 Armored Personnel Carrier
Selects Fast Deploy
M3 Armored Personnel Carrier
M3 Armored Personnel Carrier
Scout Squad
M1919 Machine Gun Team
Designate Forward Repair Station
Construct Barracks
Riflemen Squad
Selects Seek and Destroy
Construct Tank Depot
Selects UNKNOWN (2160077)
M4A3E8 Sherman Easy Eight
Graouw
Pinhead Larry
LegendaireNic
Duffman™
Ra11
Earthdog
0
0
Comments
sign in to comment!
No comments posted yet!